 Dungeon Crawl Stone Soup version 0.31-a0-1005-gfbdfbac (webtiles) character file.

Game seed: 12525740846299402550

120 Partyfoot the Conjurer (level 4, -1/36 HPs)
             Began as a Draconian Conjurer on Nov 11, 2023.
             Slain by an orc wizard
             ... wielding a +0 dagger
              (2 damage)
             ... on level 3 of the Dungeon.
             The game lasted 00:08:03 (3206 turns).

Partyfoot the Conjurer (Draconian Conjurer)         Turns: 3206, Time: 00:08:04

Health: -1/36      AC:  5    Str:  9    XL:     4   Next: 75%
Magic:  8/8        EV: 12    Int: 21    God:
Gold:   19         SH:  0    Dex:  9    Spells: 7/8 levels left

rFire   . . .        c - +2 short sword (vamp)
rCold   . . .        (no shield)
rNeg    . . .        (body armour unavailable)
rPois   .            (helmet restricted)
rElec   .            k - scarf {+Inv}
rCorr   +            (no gloves)
SInv    .            (no boots)
Will    .....        q - amulet of magic regeneration
Stlth   +            r - ring of resist corrosion
HPRegen 0.26/turn    (no ring)
MPRegen 0.51/turn

%: no passive effects
@: confused
A: AC +5, unfitting armour, cold-blooded
a: Evoke Invisibility


You were on level 3 of the Dungeon.
You visited 1 branch of the dungeon, and saw 3 of its levels.

You collected 114 gold pieces.
You spent 95 gold pieces at shops.

Inventory:

Hand Weapons
 c - a +2 vampiric short sword (weapon)
Armour
 k - a scarf of invisibility (worn)
Magical Staves
 m - a staff of cold
Jewellery
 h - an amulet of guardian spirit
 q - an amulet of magic regeneration (around neck)
 r - a ring of resist corrosion (left hand)
Scrolls
 b - a scroll of blinking {unknown}
 e - a scroll of vulnerability {unknown}
 f - a scroll of teleportation {unknown}
 g - 3 scrolls of enchant weapon {unknown}
 l - a scroll of enchant armour {unknown}
 n - 3 scrolls of identify {unknown}
 o - a scroll of fear {unknown}
Potions
 a - a potion of magic
 d - a potion of lignification {unknown}
 i - 2 potions of curing {unknown}
 j - 3 potions of enlightenment {unknown}
 p - a potion of mutation {unknown}
 s - a potion of heal wounds {unknown}


   Skills:
 + Level 2.1 Fighting
 + Level 2.6 Dodging
 - Level 1.7 Stealth
 + Level 2.8 Spellcasting
 + Level 4.5 Conjurations
 + Level 1.0 Evocations


You had 7 spell levels left.
You knew the following spells:

 Your Spells              Type           Power      Damage    Failure   Level
a - Magic Dart            Conj           88%        1d7       1%          1

Your spell library contained the following spells:

 Spells                   Type           Power      Damage    Failure   Level
 Searing Ray              Conj           44%        2d6       3%          2
 Sandblast                Erth           4%         2d4       14%         1
 Dazzling Flash           Conj/Hex       24%        N/A       16%         3
 Stone Arrow              Conj/Erth      24%        3d8       16%         3
 Passwall                 Tmut/Erth      1%         N/A       21%         2
 Brom's Barrelling Bould  Conj/Erth      12%        2d4       47%         4
 Fulminant Prism          Conj/Hex       6%         3d7       47%         4
 Iskenderun's Mystic Bla  Conj/Tloc      12%        2d5       47%         4
 Animate Dead             Necr           2%         N/A       80%         4
 Haunt                    Necr/Summ      1%         N/A       100%        7
 Infestation              Necr           1%         N/A       100%        8


Dungeon Overview and Level Annotations

Branches:
Dungeon (3/15)

Altars:
Trog

Shops:
D:3 *


Innate Abilities, Weirdness & Mutations

Your plain brown scales are hard. (AC +5)
You cannot fit into any form of body armour.
You are cold-blooded and may be slowed by cold attacks.


Message History

You closely miss something. Something hits you.
You barely miss something. Something hits you.
You barely miss something. Something hits you.
You hit something but do no damage. Something hits you.
You barely miss something.
You hear some strange, mumbled words.
A puff of flame appears from out of thin air!
The puff of flame hits you.
You closely miss something.
You hear some strange, mumbled words.
You are confused.
You bump into the rock wall.
Something hits you but does no damage.
You bump into the rock wall.
You hear some strange, mumbled words.
A magic dart appears from out of thin air!
The magic dart hits you!
You barely miss something. Something hits you.
You bump into the rock wall.
Something hits you.
* * * LOW HITPOINT WARNING * * *
You barely miss something.
Your tail-slap misses something.
You feel less confused. Something hits you but does no damage.
You closely miss something. Something hits you.
* * * LOW HITPOINT WARNING * * *
You hit something.
You feel better.
Your tail-slap misses something.
You hear some strange, mumbled words.
You are confused.
You bump into the rock wall.
Something hits you but does no damage.
You bump into the rock wall.
You hear some strange, mumbled words.
A puff of flame appears from out of thin air!
The puff of flame hits you!
* * * LOW HITPOINT WARNING * * *
You bump into the rock wall.
Something hits you but does no damage.
You bump into the rock wall.
Something hits you.
* * * LOW HITPOINT WARNING * * *
You bump into the rock wall.
Something hits you.
* * * LOW HITPOINT WARNING * * *
You bump into the rock wall.
Something hits you.
You die...

.#
#............##.##...
.#
###.....####.#..##...
.#
##.##...##.#.###...
.# #.####.##.#.# #...
.# #.# #.##.#.# ####
.# #.# #.##.#.# .#
#.# #..#.#.######
......# #.#
##........... .....!#
#@# ###...#.....
......# #{#
#......... ......#
#.# ######...(..
........ ...
...###...... ......##
.#).. ..........##
......# ..#..).
......(...## ..
#................#
###
#................#
#.................


There were no monsters in sight!

Vanquished Creatures
  4 adders
  A dart slug (D:2)
  8 orcs
  6 endoplasms
  4 giant cockroaches
  4 goblins
  7 hobgoblins
  3 jackals
  3 quokkas
  7 ball pythons
  3 bats
  3 frilled lizards (D:1)
  8 kobolds
  8 rats
69 creatures vanquished.

Notes
Turn   | Place    | Note
-------+----------+-------------------------------------------
     0 | D:1      | Partyfoot the Draconian Conjurer began the quest for the
                  | Orb.
     0 | D:1      | Reached XP level 1. HP: 14/14 MP: 3/3
   179 | D:1      | Reached XP level 2. HP: 20/22 MP: 1/5
   527 | D:1      | Reached skill level 1 in Fighting
  1037 | D:1      | Reached XP level 3. HP: 28/28 MP: 3/6
  1411 | D:2      | Found a bloodstained altar of Trog.
  1889 | D:2      | Reached XP level 4. HP: 36/36 MP: 2/7
  2899 | D:3      | Found Gaocyoz's Assorted Antiques.
  2916 | D:3      | Bought an iron ring for 95 gold pieces
  3173 | D:3      | Reached skill level 1 in Evocations
  3205 | D:3      | HP: 1/36 [something (3)]
  3206 | D:3      | Slain by an orc wizard

Illustrated notes

Levels and vault maps discovered:
D:1:      roadster_arrival_rocket_large, layout_loops_ring
D:2:      layout_basic, basic_altar, grunt_decor_fettered, kennysheep_nub
D:3:      minmay_wonky_spiral, layout_basic, serial_shops, shop

Skill      XL: |  1  2  3  4 |
---------------+-------------+-----
Dodging        | 2 |  2.6
Fighting       | 1 2 |  2.1
Evocations     | 1 |  1.0
Stealth        | |  1.7
Spellcasting   | |  2.8
Conjurations   | |  4.5

Action                     |  1- 3 |  4- 6 || total
---------------------------+-------+-------++-------
  Melee: Short sword       |    37 |    18 ||    55
         Tailslap          |     3 |     2 ||     5
   Cast: Magic Dart        |    75 |    62 ||   137
 Armour: Skin              |    23 |    31 ||    54
  Dodge: Dodged            |    22 |    10 ||    32

Table legend: (Time is in decaauts)
 A = Elapsed time spent in this place.
 B = Non-inter-level travel time spent in this place.
 C = Inter-level travel time spent in this place.
 D = Time resting spent in this place.
 E = Time spent auto-exploring this place.
 F = Levels seen in this place.
 G = Mean time per level.
                   A        B        C        D        E       F      G
               +--------+--------+--------+--------+--------+-----+--------+
         Total |   3204 |   3064 |    140 |    192 |   2492 |   3 | 1068.0 |
       Dungeon |   3204 |   3064 |    140 |    192 |   2492 |   3 | 1068.0 |
               +--------+--------+--------+--------+--------+-----+--------+

Top non-repeatable levels by time:
     D:1: 1312 daAuts
     D:2: 1054 daAuts
     D:3: 837 daAuts
